 Dungeon Sprint DCSS version 0.22.0-18-ge075c0d (webtiles) character file.

0 poirepourri the Chopper (level 1, 0/19 HPs)
             Began as a Minotaur Fighter on Aug 18, 2018.
             Slain by Sigmund
             ... wielding a +0 scythe
              (9 damage)
             ... in the Dungeon (Sprint VI: "Thunderdome").
             The game lasted 00:00:34 (55 turns).

poirepourri the Chopper (Minotaur Fighter)            Turns: 55, Time: 00:00:35

Health: 0/19       AC:  6    Str: 22    XL:     1   Next: 33%
Magic:  0/0        EV:  7    Int: 13    God:
Gold:   65         SH:  9    Dex:  9    Spells: 0/0 levels left

rFire    . . .     SeeInvis +   a - +0 war axe
rCold    + . .     Gourm    .   c - +0 shield
rNeg     + + .     Faith    +   b - +0 scale mail
rPois    +         Spirit   .   (helmet restricted)
rElec    +         Reflect  .   (no cloak)
rCorr    .         Harm     .   (no gloves)
MR       .....     NoTele   +   (no boots)
Stlth    ..........             q - amulet of Amizis {Faith rElec Int+4}
HPRegen  0.06/turn              p - ring "Odwy" {-Tele rC+ rN+ Int+4 SInv}
MPRegen  0.07/turn              r - ring of Qoilypn {rPois rN+ Str-3} (curse)

@: mighty
A: retaliatory headbutt, horns 2
a: no special abilities


You were in the Dungeon.
You were not hungry.

You visited 1 branch You collected 200 gold pieces.
You spent 135 gold pieces at shops.

Inventory:

Hand Weapons
 a - a +0 war axe (weapon)
Armour
 b - a +0 scale mail (worn)
 c - a +0 shield (worn)
Jewellery
 p - the ring "Odwy" (left hand) {-Tele rC+ rN+ Int+4 SInv}
   (You bought it in a shop in the Dungeon)

   [ring of see invisible]

   It affects your intelligence (+4).
   It protects you from cold.
   It protects you from negative energy.
   It lets you see invisible.
   It prevents most forms of teleportation.
 q - the amulet of Amizis (around neck) {Faith rElec Int+4}
   (You bought it in a shop in the Dungeon)

   [amulet of faith]

   It allows you to gain divine favour quickly.
   It affects your intelligence (+4).
   It insulates you from electricity.
 r - the cursed ring of Qoilypn (right hand) {rPois rN+ Str-3}
   (You bought it in a shop in the Dungeon)

   [ring of strength]

   It affects your strength (-3).
   It protects you from poison.
   It protects you from negative energy.
   It has a curse placed upon it.
Wands
 m - a wand of acid (5)
 n - a wand of iceblast (5)
Scrolls
 k - 4 scrolls of blinking
 o - 3 scrolls of fog
Potions
 e - a potion of curing
 g - 3 potions of heal wounds
 h - 4 potions of haste
 i - 2 potions of magic
 j - a potion of berserk rage
 l - a potion of resistance
Comestibles
 f - a ration


   Skills:
 - Level 3.6 Fighting
 + Level 4.2 Axes
 - Level 3.6 Armour
 - Level 3.6 Shields


You couldn't memorise any spells.
You didn't know any spells.
Your spell library was empty.

Dungeon Overview and Level Annotations

Branches:
Dungeon (1/1)

Altars:
Cheibriados
Dithmenos
Fedhas
Gozag
Kikubaaqudgha
Makhleb
Okawaru
Qazlal
Ru
Sif Muna
Trog
Uskayaw
Vehumet
Wu Jian
Xom
Yredelemnul
Zin
The Shining One
Beogh
Jiyva
Lugonu

Shops:
D *[%??*?*:[((!!!!

Annotations:
D Sigmund


Innate Abilities, Weirdness & Mutations

You reflexively headbutt those who attack you in melee.
You have a pair of horns on your head.


Message History

Sigmund hits you from afar with a scythe.
The kobold throws a stone.
You block the stone. The frilled lizard barely misses you.
You block the kobold's attack.
The frilled lizard bites you but does no damage.
Sigmund closely misses you. You furiously retaliate!
You headbutt Sigmund.
Found Fualucs's Staff Store.
You see here a quokka corpse.
You block the kobold's attack. You block the frilled lizard's attack.
Found Wowo's Must-Have Magic and Viteil's Magic Scroll Shop.
Unknown command.
You closely miss Sigmund. Your headbutt misses Sigmund.
Sigmund is lightly wounded.
You slash the frilled lizard!
You kill the frilled lizard!
You slash the kobold!
You kill the kobold!
Your Axes skill increases to level 4!
Sigmund hits you with a scythe!
You die...

∩.....∩## ∩.......∩#
#_......._# #_......._#
#_......._# ###.........###
#⌠...........⌠#
######.8.......@@8.######
#∩___......###.)†....__∩##
∩........8.# #.8.(......∩###
...........###....(........##
........###...###..........⌠#
........# #.<.# #..........⌠#
........###...###..........⌠#
...........###.............##
∩........8.# #.8........∩###


You could see Sigmund.

Vanquished Creatures
  A quokka (D)
  A frilled lizard (D)
  A kobold (D)
3 creatures vanquished.

Notes
Turn   | Place    | Note
-------+----------+-------------------------------------------
     0 | D        | poirepourri the Minotaur Fighter began the quest for the Orb.
     0 | D        | Reached XP level 1. HP: 19/19 MP: 0/0
     3 | D        | Found an iron altar of Okawaru.
     3 | D        | Found an ancient bone altar of Kikubaaqudgha.
     4 | D        | Found a sacrificial altar of Ru.
     4 | D        | Found a shadowy altar of Dithmenos.
     5 | D        | Found a stormy altar of Qazlal.
     5 | D        | Found an ornate altar of the Wu Jian Council.
     5 | D        | Round 1.
     6 | D        | Found Qaogem's Delicious Food.
     6 | D        | Found a radiant altar of Vehumet.
     6 | D        | Found a snail-covered altar of Cheibriados.
     6 | D        | Found a corrupted altar of Lugonu.
     6 | D        | Found Moalleug's Identification Station.
     7 | D        | Found Xeamesm's Jewellery.
     7 | D        | Found Fevic's Magic Scroll Shop.
     7 | D        | Found Failiv's Advanced Armour.
    15 | D        | Bought a faintly glowing tin ring for 45 gold pieces
    15 | D        | Bought a glittering brass amulet for 45 gold pieces
    15 | D        | Bought a fine tin ring for 45 gold pieces
    15 | D        | Identified the ring "Odwy" {-Tele rC+ rN+ Int+4 SInv} (You bought it in a shop in the Dungeon)
    16 | D        | Identified the cursed ring of Qoilypn {rPois rN+ Str-3} (You bought it in a shop in the Dungeon)
    17 | D        | Identified the amulet of Amizis {Faith rElec Int+4} (You bought it in a shop in the Dungeon)
    21 | D        | Found a viscous altar of Jiyva.
    22 | D        | Found a basalt altar of Yredelemnul.
    23 | D        | Found a bloodstained altar of Trog.
    24 | D        | Found Ruosuogo's Premium Goods.
    25 | D        | Found Tesiobek's Miscellaneous Merchandise.
    25 | D        | Found Dodoply's Basic Armour.
    26 | D        | Found a glowing golden altar of the Shining One.
    26 | D        | Found a hide-covered altar of Uskayaw.
    26 | D        | Found a burning altar of Makhleb.
    26 | D        | Found Xics's Weapon Rack.
    38 | D        | Found a blossoming altar of Fedhas.
    38 | D        | Found Wemyps's Do-It-Yourself Clinic.
    38 | D        | Found Jinnemau's Bottled Wisdom.
    39 | D        | Found Rotea's Distillery.
    40 | D        | Found a glowing silver altar of Zin.
    40 | D        | Found a shimmering altar of Xom.
    40 | D        | Found Ufanero's Distillery.
    44 | D        | Found a deep blue altar of Sif Muna.
    44 | D        | Noticed Sigmund
    45 | D        | Found an opulent altar of Gozag.
    46 | D        | Found a roughly hewn altar of Beogh.
    51 | D        | Reached skill level 3 in Axes
    53 | D        | Found Fualucs's Staff Store.
    54 | D        | Found Wowo's Must-Have Magic.
    54 | D        | Found Viteil's Magic Scroll Shop.
    55 | D        | Reached skill level 4 in Axes
    55 | D        | Slain by Sigmund

Skill      XL: |  1 |
---------------+----+-----
Axes           | 4 |  4.2
Fighting       | |  3.6
Armour         | |  3.6
Shields        | |  3.6

Action                   || total
-------------------------++-------
Melee: War axe           ||     5
  Use: Potion            ||     2
Armor: Scale mail        ||     3
Dodge: Dodged            ||     7
Block: Shield            ||     8
